 Dungeon Crawl Stone Soup version 0.27-a0-1579-g97d2440184 (webtiles) character file.

Game seed: 8619801161246370156

185 freelancePsychic the Magician (level 5, 0/41 HPs)
             Began as a Human Wanderer on July 18, 2021.
             Was an Initiate of Ashenzari.
             Slain by a gnoll (5 damage)
             ... on level 4 of the Dungeon.
             The game lasted 00:06:28 (4086 turns).

freelancePsychic the Magician (Human Wanderer)      Turns: 4086, Time: 00:06:29

Health: 0/41       AC:  3    Str: 12    XL:     5   Next: 96%
Magic:  10/10      EV: 11    Int: 14    God:    Ashenzari [......]
Gold:   86         SH:  0    Dex: 12    Spells: 10/11 levels left

rFire    . . .     SeeInvis .   a - +0 spear
rCold    . . .     Faith    .   (no shield)
rNeg     . . .     Spirit   .   b - +0 robe
rPois    .         Reflect  .   (no helmet)
rElec    .         Harm     .   (no cloak)
rCorr    .         Rampage  .   e - +0 pair of gloves
Will     .....                  (no boots)
Stlth    ++........             (no amulet)
HPRegen  0.13/turn              (no ring)
MPRegen  0.12/turn              (no ring)

@: on berserk cooldown, slowed, very slow
A: no striking features
a: Renounce Religion


You were on level 4 of the Dungeon.
You worshipped Ashenzari.
Ashenzari was noncommittal.
You visited 2 branches of the dungeon, and saw 5 of its levels.

You collected 86 gold pieces.

Inventory:

Hand Weapons
 a - a +0 spear (weapon)
 c - a +0 dagger
Armour
 b - a +0 robe (worn)
 e - a +0 pair of gloves (worn)
Scrolls
 g - a scroll of blinking
 i - 2 scrolls of teleportation {@r4}
 n - a scroll of fear
Potions
 d - a potion of heal wounds {@q2}
 f - 2 potions of cancellation
 h - 3 potions of curing {@q1}
 j - a potion of lignification
 k - 2 potions of haste {@q3}


   Skills:
 + Level 3.5 Fighting
 - Level 2.0 Stealth
 - Level 1.0 Shields
 + Level 3.9 Spellcasting
 - Level 2.0 Translocations
 - Level 1.0 Fire Magic
 - Level 1.9 Ice Magic


You had 10 spell levels left.
You knew the following spells:

 Your Spells              Type           Power      Damage    Failure   Level
a - Freeze                Ice            32%        1d5       9%          1

Your spell library contained the following spells:

 Spells                   Type           Power      Damage    Failure   Level
 Blink                    Tloc           N/A        N/A       13%         2
 Gell's Gravitas          Tloc           4%         N/A       26%         3
 Lesser Beckoning         Tloc           4%         N/A       26%         3
 Ozocubu's Armour         Ice            8%         N/A       26%         3
 Teleport Other           Tloc           8%         N/A       26%         3
 Manifold Assault         Tloc           8%         N/A       94%         5


Dungeon Overview and Level Annotations

Branches:
Dungeon (4/15)             Temple (1/1) D:4

Altars:
Ashenzari
Dithmenos
Fedhas
Hepliaklqana
Nemelex Xobeh
Okawaru
Qazlal
Sif Muna
Trog
Uskayaw
Wu Jian
The Shining One


Message History

The gnoll is severely wounded.
You reach to attack!
You hit the gnoll.
The gnoll is almost dead.
The gnoll hits you from afar with a +0 halberd.
The gnoll hits you from afar with a +3 spear.
You are too injured to fight recklessly!
You are too injured to fight recklessly!
You are too injured to fight recklessly!
Reach: a) +0 spear
Press: ? - help, Dir - move target, f/p - gnoll
Aim: a gnoll, wielding a +3 spear (almost dead, about 36% to evade your +0 spear)
You reach to attack!
You hit the gnoll.
You kill the gnoll!
The gnoll closely misses you.
Reach: a) +0 spear
Press: ? - help, Dir - move target, f - gnoll
Aim: a gnoll, wielding a +0 halberd (about 36% to evade your +0 spear)
You reach to attack!
You completely miss the gnoll.
Reach: a) +0 spear
Press: ? - help, Dir - move target, f/p - gnoll
Aim: a gnoll, wielding a +0 halberd (about 36% to evade your +0 spear)
You reach to attack!
You closely miss the gnoll.
The gnoll hits you from afar with a +0 halberd!
Reach: a) +0 spear
Press: ? - help, Dir - move target, f/p - gnoll
Aim: a gnoll, wielding a +0 halberd (about 36% to evade your +0 spear)
You reach to attack!
You barely miss the gnoll.
The gnoll hits you from afar with a +0 halberd!
Reach: a) +0 spear
Press: ? - help, Dir - move target, f/p - gnoll
Aim: a gnoll, wielding a +0 halberd (about 36% to evade your +0 spear)
You reach to attack!
You puncture the gnoll!
The gnoll is severely wounded.
You are no longer berserk.
You are exhausted.
You feel yourself slow down.
The gnoll hits you from afar with a +0 halberd!
* * * LOW HITPOINT WARNING * * *
The gnoll hits you from afar with a +0 halberd.
You die...

....... . ............. .
........ .. ##.
......##.# ####
..##...#..#.#......#
#..#)#.....#......# .
.#....#g.#..#......##
....#....##...#.......
#.....@......#.........
#..##....#........#....
...#..#..).#..รท....+....
.#....#.#..#.#.....#....
##..#...##..#........#.
......................$
#...........##..........
#...........##..........
.....#...#............


You could see a gnoll.

Vanquished Creatures
  An orc priest (D:3)
  A gnoll shaman (D:4)
  2 gnolls (D:4)
  2 adders (D:2)
  2 worms (D:2)
  4 dart slugs
  4 orcs
  5 ball pythons
  4 bats
  4 endoplasms
  2 giant cockroaches
  7 hobgoblins
  12 jackals
  A quokka (D:2)
  6 frilled lizards
  9 goblins
  2 kobolds
  4 rats (D:3)
72 creatures vanquished.

Notes
Turn   | Place    | Note
-------+----------+-------------------------------------------
     0 | D:1      | freelancePsychic the Human Wanderer began the quest for the
                  | Orb.
     0 | D:1      | freelancePsychic set off with the following items: a +0
                  | spear, a +0 robe, a +0 dagger; and the following spell
                  | memorised: Freeze; and the following spells available to
                  | memorise: Blink, Gell's Gravitas, Lesser Beckoning,
                  | Teleport Other, Ozocubu's Armour, Manifold Assault
     0 | D:1      | Reached XP level 1. HP: 16/16 MP: 3/3
   150 | D:2      | Reached skill level 1 in Ice Magic
   150 | D:2      | Reached XP level 2. HP: 13/22 MP: 0/5
   605 | D:1      | Reached XP level 3. HP: 10/27 MP: 2/6
  1432 | D:2      | Reached XP level 4. HP: 20/33 MP: 1/8
  2578 | D:3      | Found a faded altar of an unknown god.
  2785 | D:3      | Reached XP level 5. HP: 27/41 MP: 1/10
  3333 | D:3      | Found a hide-covered altar of Uskayaw.
  3752 | D:4      | Found a staircase to the Ecumenical Temple.
  3784 | Temple   | Entered the Ecumenical Temple
  4050 | Temple   | Became a worshipper of Ashenzari the Shackled
  4086 | D:4      | Slain by a gnoll

Illustrated notes

Levels and vault maps discovered:
D:1:      dpeg_arrival_pond, layout_basic
D:2:      layout_basic
D:3:      layout_loops_cross, eat_drink_and_be_merry_uskayaw,
          shapermc_ecumenical_altar_pompeii, kennysheep_generic_room_5
D:4:      layout_basic, grunt_temple_overflow_order_and_chaos_2,
          nicolae_vehumet_radiance, minmay_temple_entry_mini_moons,
          amcnicky_mini_pool_small, uniq_pikel, uniq_menkaure
Temple:   minmay_temple_curvy_loop

Skill      XL: |  1  2  3  4 |
---------------+-------------+-----
Ice Magic      | 1 |  1.9
Spellcasting   | 3 |  3.9
Fighting       | 3 |  3.5
Stealth        | |  2.0
Shields        | |  1.0
Translocations | |  2.0
Fire Magic     | |  1.0

Action                   |  1- 3 |  4- 6 || total
-------------------------+-------+-------++-------
Melee: Spear             |    84 |   103 ||   187
 Cast: Freeze            |    40 |    57 ||    97
  Use: Scroll            |       |     3 ||     3
       Potion            |       |     1 ||     1
 Stab: Sleeping          |     3 |     6 ||     9
Armor: Robe              |    27 |    32 ||    59
Dodge: Dodged            |    68 |    68 ||   136

Table legend: (Time is in decaauts)
 A = Elapsed time spent in this place.
 B = Non-inter-level travel time spent in this place.
 C = Inter-level travel time spent in this place.
 D = Time resting spent in this place.
 E = Time spent auto-exploring this place.
 F = Levels seen in this place.
 G = Mean time per level.
                   A        B        C        D        E       F      G
               +--------+--------+--------+--------+--------+-----+--------+
         Total |   4103 |   4041 |     62 |    278 |   3094 |   5 |  820.6 |
       Dungeon |   3818 |   3772 |     46 |    278 |   2892 |   4 |  954.5 |
        Temple |    284 |    268 |     16 |      0 |    202 |   1 |  284.0 |
               +--------+--------+--------+--------+--------+-----+--------+

Top non-repeatable levels by time:
     D:2: 1579 daAuts
     D:1: 1144 daAuts
     D:3: 1041 daAuts
  Temple: 284 daAuts
     D:4: 53 daAuts
